 Dungeon Crawl Stone Soup version 0.29-a0-993-g4a18f31a58 (webtiles) character file.

Game seed: 16147955646412759690

8511 jlumianski the Cleaver (level 11, -9/97 HPs)
             Began as a Minotaur Fighter on Aug 2, 2022.
             Was a Believer of Qazlal.
             Mangled by a two-headed ogre
             ... wielding a +0 great mace
              (12 damage)
             ... on level 8 of the Dungeon.
             The game lasted 00:38:47 (11534 turns).

jlumianski the Cleaver (Minotaur Fighter)          Turns: 11534, Time: 00:38:47

Health: -9/97      AC: 15    Str: 25    XL:     11   Next: 10%
Magic:  10/10      EV:  9    Int:  5    God:    Qazlal [**....]
Gold:   258        SH:  9    Dex: 10    Spells: 10/10 levels left

rFire   + . .      SeeInvis +   a - +0 war axe (freeze)
rCold   . . .      Faith    .   c - +0 buckler
rNeg    . . .      Spirit   .   A - +0 chain mail
rPois   .          Reflect  .   (helmet restricted)
rElec   .          Harm     +   B - scarf {harm}
rCorr   .          Rampage  .   C - +2 pair of gloves
Will    .....                   (no boots)
Stlth   ..........              (no amulet)
HPRegen 0.26/turn               L - ring of see invisible
MPRegen 0.12/turn               k - ring of protection from fire

@: on berserk cooldown, slowed, studying Shields, very slow
A: horns 2, retaliatory headbutt
a: Renounce Religion, Upheaval


You were on level 8 of the Dungeon.
You worshipped Qazlal.
Qazlal was pleased with you.
You visited 2 branches of the dungeon, and saw 11 of its levels.
You also visited: Ossuary.

You collected 483 gold pieces.
You spent 225 gold pieces at shops.

Inventory:

Hand Weapons
 a - a +0 war axe of freezing (weapon)
 e - a +0 vorpal sling
 n - a +2 dagger of venom
 F - a +2 vorpal spear
 J - a +5 spear of freezing
 O - the +4 mace of Ommeinal {venom, rPois rC+ Will+ rCorr}
   (You found it on level 6 of the Dungeon)

   It poisons the flesh of those it strikes.
   rC:        It protects you from cold.
   rPois:     It protects you from poison.
   rCorr:     It protects you from acid and corrosion.
   Will:      It increases your willpower.
 T - a -1 eveningstar
Missiles
 f - 74 stones
 v - 24 poisoned darts (quivered)
 x - a boomerang of dispersal
 M - 2 boomerangs
 U - a curare-tipped dart
Armour
 b - a +0 scale mail
 c - a +0 buckler (worn)
 u - a scarf of invisibility
 A - a +0 chain mail (worn)
 B - a scarf of harm (worn)
 C - a +2 pair of gloves (worn)
 S - a +0 hat
Jewellery
 k - a ring of protection from fire (right hand)
 w - a ring of protection from cold
 y - a ring of magical power
 L - a ring of see invisible (left hand)
 P - a +4 ring of evasion
Wands
 N - a wand of light (18)
 Q - a wand of polymorph (3)
 R - a wand of flame (7)
 V - a wand of digging (5)
Scrolls
 g - a scroll of immolation
 l - 2 scrolls of noise
 m - 6 scrolls of teleportation
 p - a scroll of summoning
 q - a scroll of acquirement {unknown}
 D - a scroll of brand weapon
 G - a scroll of enchant weapon {unknown}
 H - a scroll of enchant armour
Potions
 d - 3 potions of might
 h - 2 potions of haste
 i - 2 potions of mutation
 j - 2 potions of brilliance
 o - 5 potions of magic
 r - 7 potions of curing
 t - 4 potions of degeneration
 z - 3 potions of attraction
 E - a potion of lignification
 I - a potion of resistance
 K - a potion of ambrosia


   Skills:
 + Level 9.5 Fighting
 + Level 12.9 Axes
 + Level 11.6 Armour
 + Level 3.5 Dodging
 + Level 1.0 Stealth
 + Level 9.1 Shields


You had 10 spell levels left.
You didn't know any spells.
Your spell library contained the following spells:

 Spells                   Type           Power      Damage    Failure   Level
 Shock                    Conj/Air       0%         1d3       97%         1
 Slow                     Hex            0%         N/A       97%         1
 Sting                    Tmut/Pois      0%         1d3       97%         1
 Poisonous Vapours        Pois/Air       0%         N/A       99%         2
 Static Discharge         Conj/Air       0%         3-3/arc   99%         2
 Confusing Touch          Hex            0%         N/A       100%        3
 Swiftness                Air            0%         N/A       100%        3
 Vampiric Draining        Necr           0%         2d6       100%        3
 Airstrike                Air            0%         2d(0-16)  100%        4
 Animate Dead             Necr           0%         N/A       100%        4
 Dispel Undead            Necr           0%         3d6       100%        4
 Olgreb's Toxic Radiance  Pois           0%         N/A       100%        4
 Sticky Flame             Conj/Fire      0%         2d3       100%        4
 Haunt                    Necr/Summ      0%         N/A       100%        7
 Infestation              Necr           0%         N/A       100%        8


Dungeon Overview and Level Annotations

Branches:
Dungeon (10/15)            Temple (1/1) D:5         Ossuary (visited)
   Lair: D:8-11         Orc: D:9-12

Altars:
Ashenzari
Cheibriados
Gozag
Nemelex Xobeh
Okawaru
Qazlal
Sif Muna
Uskayaw
Wu Jian
Zin
The Shining One

Shops:
D:6 =


Innate Abilities, Weirdness & Mutations

You have a pair of horns on your head.
You reflexively headbutt those who attack you in melee.


Message History

The wight hits you with a +3 dagger.
You feel drained.
The two-headed ogre hits you with a +0 great mace!!
The two-headed ogre hits you with a +0 giant club!
The two-headed ogre barely misses you.
The two-headed ogre hits you with a +0 giant club!
There is a stone staircase leading up, spattered with blood here.
The killer bee barely misses you. You furiously retaliate!
You headbutt the killer bee! The wight barely misses you.
You furiously retaliate!
You headbutt the wight! The killer bee stings you.
The two-headed ogre hits you with a +0 giant club!!
* * * LOW HITPOINT WARNING * * *
The two-headed ogre hits you with a +0 giant club.
* * * LOW HITPOINT WARNING * * *
The two-headed ogre hits you with a +0 great mace!
* * * LOW HITPOINT WARNING * * *
You block the two-headed ogre's attack.
You climb upwards.
There is a stone staircase leading down here.
Okay, then.
Okay, then.
A red film seems to cover your vision as you go berserk!
You feel yourself moving faster!
You feel mighty!
The killer bee is engulfed in freezing vapours.
You kill the killer bee!
Qazlal accepts your kill. You block the wight's attack.
The wight closely misses you. You furiously retaliate!
You headbutt the wight!!
You destroy the wight!
Qazlal accepts your kill.
Your life force feels restored.
You feel a strong urge to attack something.
The two-headed ogre hits you with a +0 giant club.
* * * LOW HITPOINT WARNING * * *
The two-headed ogre barely misses you.
You feel your anger nearly subside.
You are no longer berserk.
You are exhausted.
You feel yourself slow down. You block the two-headed ogre's attack.
The two-headed ogre hits you with a +0 giant club!
You die...

...# #....#
...############....#
...............#'###
...............#..#
...............#..#
...............+..#
...............#..#
...............#..#
...............#@###
#####'###'##....O..#
#..........#..°.O..#
#.....[....#....z..#
#..........#..>....#
#..........#.[.)...#
##+##.######.......#
#..##.###..#.......#
......#....#.......#


You could see 2 two-headed ogres and a wight.

Vanquished Creatures
  A two-headed ogre (D:8)
  A troll (D:8)
  Prince Ribbit (D:7)
  A wraith (Ossuary)
  2 wyverns (D:8)
  2 shadows
  6 humans (D:8)
  5 yaks (D:8)
  2 steam dragons
  Grum (D:8)
  5 water moccasins
  An acid dragon (D:9)
  An orc warrior (D:7)
  A sky beast (D:7)
  An ice beast (D:8)
  2 ogres
  6 centaurs
  2 wolves (D:8)
  2 phantoms
  A kobold brigand (D:9)
  5 bullfrogs
  3 gnoll sergeants
  A necrophage (D:5)
  9 scorpions
  7 wights
  A killer bee (D:8)
  5 howler monkeys
  A human zombie (Ossuary)
  6 hounds
  A jelly (D:6)
  3 gnoll boudas
  6 orc priests
  2 iguanas
  Natasha (twice) (D:4)
  4 orc wizards
  3 mummies (Ossuary)
  22 gnolls
  9 adders
  A shadow imp (D:8)
  3 white imps
  2 ufetubi (D:6)
  A worm (D:4)
  5 dart slugs
  20 orcs
  3 ball pythons (D:2)
  9 bats
  7 endoplasms
  13 giant cockroaches
  8 goblins
  8 hobgoblins
  7 jackals
  6 kobolds
  3 quokkas
  4 frilled lizards (D:1)
  5 goblin zombies (Ossuary)
  2 hobgoblin zombies (Ossuary)
  2 kobold zombies (Ossuary)
  10 rats
  A spectral hobgoblin (D:2)
254 creatures vanquished.

Vanquished Creatures (others)
  5 fungi (D:8)
  A plant (D:1)
6 creatures vanquished.

Grand Total: 260 creatures vanquished

Notes
Turn   | Place    | Note
-------+----------+-------------------------------------------
     0 | D:1      | jlumianski the Minotaur Fighter began the quest for the
                  | Orb.
     0 | D:1      | Reached XP level 1. HP: 19/19 MP: 0/0
    15 | D:1      | Reached XP level 2. HP: 19/27 MP: 1/1
   415 | D:4      | Reached XP level 3. HP: 32/33 MP: 2/2
   531 | D:3      | Reached skill level 3 in Axes
   550 | D:3      | Reached XP level 4. HP: 41/41 MP: 3/3
   600 | D:5      | Entered Level 5 of the Dungeon
   600 | D:5      | Noticed a scorpion
   622 | D:4      | Killed a scorpion
   623 | D:4      | Reached XP level 5. HP: 16/47 MP: 4/4
   873 | D:5      | Noticed a phantom
   884 | D:4      | Killed a phantom
   885 | D:4      | Reached skill level 4 in Axes
   885 | D:4      | Reached skill level 5 in Armour
   885 | D:4      | Reached skill level 1 in Dodging
   899 | D:5      | Reached skill level 5 in Fighting
  1048 | D:5      | Reached XP level 6. HP: 37/56 MP: 5/5
  1136 | D:5      | Reached skill level 5 in Axes
  1136 | D:5      | Reached skill level 5 in Shields
  1136 | D:5      | Found a sand-covered staircase.
  1145 | Ossuary  | Entered an ossuary
  1145 | Ossuary  | Noticed a wraith
  1145 | Ossuary  | Noticed a wraith
  1145 | Ossuary  | Noticed a wraith
  1825 | Ossuary  | Noticed a wraith
  1834 | Ossuary  | Killed a wraith
  1835 | Ossuary  | Reached skill level 6 in Axes
  1835 | Ossuary  | Reached XP level 7. HP: 41/61 MP: 6/6
  1978 | D:5      | Found a staircase to the Ecumenical Temple.
  3356 | D:2      | Found a faded altar of an unknown god.
  4079 | D:4      | Found a snail-covered altar of Cheibriados.
  4533 | D:3      | Reached skill level 7 in Axes
  4637 | D:3      | Found an iron altar of Okawaru.
  5147 | D:4      | Reached XP level 8. HP: 68/70 MP: 7/7
  5314 | D:4      | Noticed Natasha
  5322 | D:4      | Killed Natasha
  5353 | D:4      | Found an opulent altar of Gozag.
  5354 | D:4      | Found an ornate altar of the Wu Jian Council.
  5360 | D:4      | Found a glowing silver altar of Zin.
  5661 | D:4      | Noticed Natasha
  5668 | D:4      | Killed Natasha
  6220 | D:5      | Reached skill level 8 in Axes
  6268 | D:5      | Found a sparkling altar of Nemelex Xobeh.
  6307 | D:7      | Found a shimmering blue altar of Sif Muna.
  6957 | Temple   | Entered the Ecumenical Temple
  6982 | Temple   | Became a worshipper of Qazlal Stormbringer
  7113 | D:6      | Reached XP level 9. HP: 74/79 MP: 8/8
  7350 | D:6      | Reached skill level 9 in Axes
  7484 | D:6      | Found Upnoleeb's Jewellery Boutique.
  7490 | D:6      | Bought a ring of see invisible for 225 gold pieces
  7591 | D:6      | Identified the +4 mace of Ommeinal {venom, rPois rC+ Will+
                  | rCorr}
  8045 | D:8      | Reached * piety under Qazlal
  8049 | D:8      | Reached skill level 10 in Axes
  8714 | D:7      | Noticed Prince Ribbit
  8716 | D:7      | Killed Prince Ribbit
  9074 | D:8      | Reached skill level 11 in Axes
  9086 | D:8      | Reached skill level 10 in Armour
  9086 | D:8      | Reached XP level 10. HP: 67/89 MP: 9/9
  9404 | D:8      | Noticed Grum
  9421 | D:8      | Killed Grum
  9799 | D:8      | Reached skill level 1 in Stealth
  9808 | D:8      | Reached ** piety under Qazlal
 10124 | D:8      | Reached skill level 12 in Axes
 10958 | D:10     | Entered Level 10 of the Dungeon
 11151 | D:9      | Noticed a six-headed hydra
 11157 | D:9      | Reached XP level 11. HP: 70/95 MP: 10/10
 11432 | D:9      | Noticed a two-headed ogre
 11434 | D:9      | Noticed a two-headed ogre
 11453 | D:9      | Noticed a two-headed ogre
 11455 | D:9      | Noticed a two-headed ogre
 11464 | D:8      | Killed a two-headed ogre
 11531 | D:8      | HP: 4/145 [two-headed ogre/+0 giant club (7)]
 11534 | D:8      | Mangled by a two-headed ogre

Illustrated notes

Levels and vault maps discovered:
D:1:      denvon_arrival_planthouse, layout_loops_corners, bh_walls_and_bars
D:2:      minmay_roachtagon, layout_basic,
          dreamdust_ecumenical_altar_drowned_temple
D:3:      layout_basic, nicolae_overflow_hidden_temple
D:4:      layout_cave_pools, lemuel_round_altar, minitemple, serial_glass,
          glass_columns_a, glass_columns_c, minivault_11, nicolae_titane,
          uniq_natasha
D:5:      layout_loops_ring, nemelex_xobeh_ov_fountains_minmay,
          minmay_temple_entry_crystal_x, serial_glass, glass_columns_a,
          glass_columns_b, glass_columns_c, glass_columns_a, glass_columns_a,
          glass_columns_b, lightli_ossuary_entry_decrepit_ruins,
          chequers_serial_rivers_small_a, minmay_manual_mandibuliform
D:6:      layout_rooms, serial_shops, nicolae_shop_hallway_plus
D:7:      layout_basic, mainiacjoe_overflow_paths, hangedman_decor_opposing,
          uniq_prince_ribbit1
D:8:      old_forge, layout_gridville, minmay_ruffians, uniq_grum
D:9:      minmay_the_grid_octo_tiled_octocenter [minmay_the_grid_octo_shrine,
          minmay_the_grid_octo_vomiting_pacman, minmay_the_grid_octo_clover_2,
          minmay_the_grid_octo_clover, minmay_the_grid_octo_prize_star,
          minmay_the_grid_square_5x5_tie, minmay_the_grid_square_5x5_empty,
          minmay_the_grid_square_5x5_z,
          minmay_the_grid_square_5x5_hollow_slash], layout_cave_pools,
          lair_entry_dummy, nicolae_fountain_basement
D:10:     layout_irregular_city
Temple:   regret_index_temple_waves

Skill      XL: |  1  2  3  4  5  6  7  8  9 10 11 |
---------------+----------------------------------+-----
Armour         | 4 5 6 8 10 11 | 11.6
Fighting       | 4 5 6 7 8 9 |  9.5
Shields        | 4 5 6 8 9 |  9.1
Axes           | 3 4 6 7 8 11 12 | 12.9
Dodging        | 1 2 3 |  3.5
Stealth        | 1 |  1.0

Action                   |  1- 3 |  4- 6 |  7- 9 | 10-12 || total
-------------------------+-------+-------+-------+-------++-------
Melee: War axe           |    44 |    99 |   359 |   115 ||   617
       Headbutt          |     7 |    25 |    56 |    29 ||   117
       Mace              |       |       |       |     2 ||     2
Throw: Dart              |       |       |     1 |       ||     1
Evoke: Wand              |       |       |       |     1 ||     1
  Use: Potion            |       |     3 |     4 |     1 ||     8
       Scroll            |       |       |    16 |     1 ||    17
Armor: Scale mail        |    21 |    28 |    28 |       ||    77
       Chain mail        |       |       |   158 |    58 ||   216
Dodge: Dodged            |    32 |    37 |   131 |    83 ||   283
Block: Buckler           |     9 |    20 |    73 |    59 ||   161

Table legend: (Time is in decaauts)
 A = Elapsed time spent in this place.
 B = Non-inter-level travel time spent in this place.
 C = Inter-level travel time spent in this place.
 D = Time resting spent in this place.
 E = Time spent auto-exploring this place.
 F = Levels seen in this place.
 G = Mean time per level.
                   A        B        C        D        E       F      G
               +--------+--------+--------+--------+--------+-----+--------+
         Total |  11705 |  11410 |    295 |   1968 |   5475 |  12 |  975.4 |
       Dungeon |  10828 |  10533 |    295 |   1705 |   5423 |  10 | 1082.8 |
        Temple |     44 |     44 |      0 |      0 |      0 |   1 |   44.0 |
       Ossuary |    832 |    832 |      0 |    263 |     52 |   1 |  832.0 |
               +--------+--------+--------+--------+--------+-----+--------+

Top non-repeatable levels by time:
     D:8: 2216 daAuts
     D:4: 1852 daAuts
     D:1: 1303 daAuts
     D:7: 1265 daAuts
     D:5: 1165 daAuts
     D:3: 1011 daAuts
     D:2: 913 daAuts
 Ossuary: 832 daAuts
     D:6: 637 daAuts
     D:9: 460 daAuts
  Temple: 44 daAuts
    D:10: 1 daAuts
